 Dungeon Crawl Stone Soup version 0.16.1-30-g34a7ffa (webtiles) character file.

30028 Krapule the Fighter (level 13, -4/122 HPs)
             Began as a Minotaur Gladiator on June 22, 2015.
             Was the Champion of Okawaru.
             Killed from afar by a fire dragon (43 damage)
             ... with a blast of flame
             ... on level 15 of the Dungeon.
             The game lasted 01:08:47 (19248 turns).

Krapule the Fighter (Minotaur Gladiator)           Turns: 19248, Time: 01:08:47

Health: -4/122     AC: 20    Str: 23      XL:     13   Next: 18%
Magic:  10/22      EV: 13    Int:  3 (5)  God:    Okawaru [******]
Gold:   479        SH:  0    Dex: 13      Spells: 0 memorised, 12 levels left

rFire  . . .     SeeInvis +     a - +4 great sword (flame)
rCold  . . .     Clarity  .     h - +0 plate armour
rNeg   + . .     SustAb   +     (no shield)
rPois  .         Gourm    .     c - +1 hat (curse)
rElec  .         Spirit   .     z - +0 cloak
rCorr  .         Warding  +     e - +0 pair of gloves
rMut   .         Stasis   .     (no boots)
MR     .....                    t - amulet of warding
Stlth  ..........               p - ring of see invisible
                                i - ring of sustain abilities

@: not resistant to hostile enchantments, extremely unstealthy
A: retaliatory headbutt, horns 2, high mp 1
a: Heroism, Finesse, Renounce Religion


You were on level 15 of the Dungeon.
You worshipped Okawaru.
Okawaru was exalted by your worship.
You were near starving.

You visited 2 branches of the dungeon, and saw 16 of its levels.

You collected 1094 gold pieces.
You spent 615 gold pieces at shops.

Inventory:

Hand weapons
 a - a +4 great sword of flaming (weapon)
 b - a +2 falchion of protection
 x - a +3 falchion
 L - a +1 long sword
Missiles
 d - 3 throwing nets (quivered)
Armour
 c - a cursed +1 hat (worn)
 e - a +0 pair of gloves (worn)
 h - a +0 plate armour (worn)
 z - a +0 cloak (worn)
Jewellery
 i - a ring of sustain abilities (left hand)
 j - a +2 ring of intelligence
 p - a ring of see invisible (right hand)
 t - an amulet of warding (around neck)
 H - an uncursed ring of protection from cold
Magical devices
 m - a wand of disintegration (0)
 v - a wand of disintegration (13)
 A - a wand of fire (2)
 F - a wand of draining (3)
 I - a wand of slowing (22)
 K - a wand of flame (28)
 O - a wand of magic darts (37)
 S - a wand of slowing (20)
Scrolls
 n - 2 scrolls of amnesia
 o - a scroll of immolation {unknown}
 s - 3 scrolls of enchant armour
 u - a scroll of enchant weapon
 y - 7 scrolls of remove curse
 B - 10 scrolls of identify
 M - a scroll of vulnerability
 N - a scroll of summoning {unknown}
 Q - a scroll of recharging {unknown}
 R - a scroll of random uselessness {unknown}
Potions
 k - 2 potions of restore abilities
 l - 4 potions of curing
 r - a potion of resistance
 w - a potion of flight
 D - a potion of heal wounds
 G - a potion of might
 J - a potion of brilliance
Books
 q - a book of the Tempests

   Spells                             Type                      Level
   a - Static Discharge               Conjuration/Air              3
   b - Lightning Bolt                 Conjuration/Air              5
   c - Fireball                       Conjuration/Fire             5
   d - Tornado                        Air                          9
   e - Shatter                        Earth                        9
 E - a book of Fire

   Spells                             Type                      Level
   a - Ignite Poison                  Fire/Transmutation           5
   b - Fireball                       Conjuration/Fire             5
   c - Bolt of Fire                   Conjuration/Fire             6
   d - Delayed Fireball               Conjuration/Fire             7
   e - Ring of Flames                 Charms/Fire                  7
Comestibles
 f - 12 bread rations
 g - a royal jelly
 C - 3 meat rations
 P - 9 fruits


   Skills:
 * Level 13.2 Fighting
 + Level 10.3 Long Blades
 - Level 2.0 Throwing
 * Level 13.2 Armour
 * Level 13.1 Dodging
 + Level 7.3 Invocations


You had 12 spell levels left.
You didn't know any spells.

Dungeon Overview and Level Annotations

Branches:
Dungeon (15/15)            Temple (1/1) D:5            Lair (0/8) D:11
    Orc (0/4) D:10         Vaults (0/5) D:14
 Depths: D:15

Altars:
Ashenzari
Cheibriados
Dithmenos
Elyvilon
Fedhas
Gozag
Kikubaaqudgha
Makhleb
Nemelex Xobeh
Okawaru
Qazlal
Ru
Sif Muna
Trog
Vehumet
Xom
Yredelemnul
Zin
The Shining One

Shops:
D:5 !   D:6 (   D:9 *   D:10 !

Portals:
Trove: D:12 (give horn of Geryon)

Annotations:
D:8 Erolcha


Innate Abilities, Weirdness & Mutations

You reflexively headbutt those who attack you in melee.
You have a pair of horns on your head.
You have an increased reservoir of magic (+10% MP).


Message History

You hear a loud, deep croak!
You hear an angry hiss.
You barely miss the fire dragon.
You headbutt the fire dragon, but do no damage.
The fire dragon is lightly wounded.
The fire dragon bites you! The fire dragon barely misses you.
The fire dragon tramples you but does no damage.
The fire dragon bites you. The fire dragon closely misses you.
The fire dragon misses you.
A giant frog comes into view.
The brain worm's bulging head throbs.
You feel somewhat dopey. Something feeds on your intellect!
The fire dragon bites you but does no damage.
The fire dragon claws you but does no damage.
The fire dragon barely misses you. The eye of draining gazes at you.
You feel your power leaking away. The fire dragon breathes flames at you.
The blast of flame hits you!
You die...

.# #### ##### .# .
#... ...# .# ...
#...####.###.#......
#...........$......#
#.....G..###....##.#
#.....DwF# ....#
##+#.....# ....#
#.##@...# G...#
#.......# ....#
#####.....# ..F..
#.........# ...l
#.....#.### .
#.......# #.......#
#.....#.#
.......#.### #


You could see a fire dragon, an eye of draining, a giant frog and a brain worm.

Vanquished Creatures
  2 rakshasas (D:15)
  A hydra (D:15)
  2 centaur warriors
  A tengu warrior (D:14)
  An unseen horror (D:14)
  A wizard (D:15)
  4 hill giants
  Pikel (D:9)
  2 wolf spider zombies
  A salamander (shapeshifter) (D:15)
  5 manticores
  A cyclops (D:12)
  An ugly thing (D:11)
  3 slime creatures (D:14)
  2 gargoyles
  3 kobold demonologists
  A fire drake (D:11)
  A freezing wraith (D:14)
  2 efreet
  A tengu conjurer (D:14)
  A two-headed ogre (D:12)
  3 trolls
  Prince Ribbit (D:9)
  A raven (D:14)
  3 wraiths
  5 shadows
  A wyvern (D:8)
  3 deep elf magi
  A trapdoor spider (D:14)
  A human (shapeshifter) (D:12)
  9 yaks
  Eustachio (D:8)
  A vampire (D:12)
  2 hungry ghosts
  A steam dragon (shapeshifter) (D:12)
  3 mottled dragons
  A phantom (D:6)
  2 sky beasts
  3 slaves (D:9)
  12 ice beasts
  2 wasps
  A necrophage (D:6)
  12 orc warriors
  12 ogres
  14 centaurs
  Sigmund (D:5)
  Duvessa (D:9)
  10 giant frogs
  2 big kobolds
  3 wyvern zombies
  A wyvern skeleton (D:14)
  4 scorpions
  5 killer bees
  2 goliath beetles (D:7)
  9 wights
  3 crimson imps
  An iron imp (D:8)
  Dowan (D:9)
  3 centaur zombies
  A giant frog zombie (D:5)
  3 jellies
  4 hounds
  A quasit (D:12)
  10 orc priests
  12 orc wizards
  A giant frog skeleton (D:7)
  2 iguanas
  7 centaur skeletons
  14 worker ants
  A hound skeleton (D:7)
  A mummy (D:12)
  11 gnolls
  11 shadow imps
  10 adders
  4 worms
  An ufetubus (D:14)
  An orc zombie (D:6)
  4 giant geckos
  An ooze (D:3)
  60 orcs
  14 bats
  2 bat skeletons
  A bat zombie (D:6)
  13 hobgoblins
  4 jackals (D:4)
  4 quokkas
  5 giant cockroaches
  A giant gecko skeleton (D:4)
  7 giant newts
  A giant spore (D:12)
  A gnoll zombie (D:8)
  10 goblins
  A jackal skeleton (D:6)
  25 kobolds
  23 rats
  7 ballistomycetes
457 creatures vanquished.

Vanquished Creatures (others)
  A giant frog (D:9)
  A crimson imp (D:8)
  2 giant spores
4 creatures vanquished.

Grand Total: 461 creatures vanquished

Notes
Turn   | Place    | Note
--------------------------------------------------------------
     0 | D:1      | Krapule, the Minotaur Gladiator, began the quest for the Orb.
     0 | D:1      | Reached XP level 1. HP: 18/18 MP: 1/1
   497 | D:1      | Reached skill level 1 in Armour
   497 | D:1      | Reached XP level 2. HP: 22/25 MP: 1/1
  1069 | D:2      | Found a shattered altar of Ashenzari.
  1243 | D:2      | Reached skill level 4 in Long Blades
  1284 | D:2      | Reached XP level 3. HP: 26/31 MP: 2/2
  1335 | D:2      | Found a sparkling altar of Nemelex Xobeh.
  1335 | D:2      | Found a sacrificial altar of Ru.
  1990 | D:3      | Reached XP level 4. HP: 24/38 MP: 2/2
  2598 | D:3      | Gained mutation: You have an increased reservoir of magic (+10% MP). [potion of beneficial mutation]
  2864 | D:4      | Found an opulent altar of Gozag.
  2898 | D:4      | Reached XP level 5. HP: 10/45 MP: 2/2
  3739 | D:5      | Entered Level 5 of the Dungeon
  3751 | D:5      | Noticed a centaur
  3759 | D:5      | Killed a centaur
  3759 | D:5      | Reached skill level 5 in Long Blades
  3759 | D:5      | Reached XP level 6. HP: 32/52 MP: 3/3
  4046 | D:5      | Reached skill level 5 in Dodging
  4060 | D:5      | Noticed a centaur
  4215 | D:5      | Killed a centaur
  4286 | D:5      | Noticed Sigmund
  4293 | D:5      | Killed Sigmund
  4293 | D:5      | Reached skill level 5 in Fighting
  4293 | D:5      | Reached XP level 7. HP: 49/61 MP: 3/3
  4435 | D:5      | Found a staircase to the Ecumenical Temple.
  4453 | Temple   | Entered the Ecumenical Temple
  4661 | Temple   | Became a worshipper of Warmaster Okawaru
  4834 | D:5      | Found Ereum's Distillery.
  4861 | D:5      | Bought 2 potions of heal wounds for 110 gold pieces
  5569 | D:6      | Found a snail-covered altar of Cheibriados.
  5593 | D:6      | Found Nisi's Weapon Boutique.
  6020 | D:6      | Reached skill level 5 in Armour
  6026 | D:6      | Reached skill level 1 in Invocations
  6099 | D:6      | Reached skill level 6 in Fighting
  6201 | D:6      | Acquired Okawaru's first power
  6201 | D:6      | Reached XP level 8. HP: 32/70 MP: 4/4
  7024 | D:7      | Reached skill level 7 in Fighting
  7042 | D:7      | You fall through a shaft for 2 floors!
  7042 | D:9      | Found Gust's Assorted Antiques.
  7254 | D:8      | Reached XP level 9. HP: 74/79 MP: 7/7
  7367 | D:8      | Noticed Erolcha
  7642 | D:9      | Reached skill level 8 in Fighting
  8203 | D:8      | Noticed Prince Ribbit
  8205 | D:8      | Noticed Pikel
  8323 | D:9      | Killed Pikel
  8344 | D:9      | Killed Prince Ribbit
  8344 | D:9      | Reached skill level 9 in Fighting
  8673 | D:9      | Reached XP level 10. HP: 75/91 MP: 11/11
  8824 | D:8      | Noticed Eustachio
  8852 | D:8      | Killed Eustachio
  8878 | D:8      | Received a gift from Okawaru
  9234 | D:7      | Found a deep blue altar of Sif Muna.
 10715 | D:9      | Found a burning altar of Makhleb.
 10720 | D:9      | Found a glowing silver altar of Zin.
 10720 | D:9      | Noticed Dowan
 10721 | D:9      | Noticed an Executioner
 10721 | D:9      | Noticed an angel
 10723 | D:9      | Noticed Duvessa
 10728 | D:9      | Killed Dowan
 10757 | D:9      | Killed Duvessa
 11025 | D:10     | Entered Level 10 of the Dungeon
 11048 | D:10     | Found Rulefeet's Distillery.
 11106 | D:10     | Received a gift from Okawaru
 11302 | D:9      | Reached skill level 10 in Fighting
 11478 | D:10     | Reached skill level 10 in Dodging
 11596 | D:10     | Found a staircase to the Orcish Mines.
 11695 | D:10     | Noticed a hill giant
 11715 | D:10     | Killed a hill giant
 11715 | D:10     | Reached skill level 10 in Armour
 11717 | D:10     | Acquired Okawaru's second power
 11819 | D:10     | Reached skill level 5 in Invocations
 12725 | D:6      | Reached XP level 11. HP: 91/101 MP: 14/14
 12763 | D:6      | Bought a +4 great sword of flaming for 505 gold pieces
 12998 | D:11     | Found a staircase to the Lair.
 13661 | D:12     | Noticed a hill giant
 13767 | D:12     | Noticed a five-headed hydra
 14025 | D:12     | Killed a hill giant
 14025 | D:12     | Received a gift from Okawaru
 14069 | D:12     | Reached skill level 11 in Fighting
 14648 | D:12     | Noticed a hill giant
 14657 | D:12     | Killed a hill giant
 15383 | D:12     | Found a portal to a secret trove of treasure.
 15895 | D:13     | Reached XP level 12. HP: 107/111 MP: 19/19
 16422 | D:14     | Noticed an unseen horror
 16440 | D:14     | Reached skill level 12 in Fighting
 16699 | D:14     | Killed an unseen horror
 16970 | D:14     | Received a gift from Okawaru
 17388 | D:14     | Noticed a centaur warrior
 17407 | D:14     | Killed a centaur warrior
 17930 | D:14     | Found a gate to the Vaults.
 17930 | D:14     | Noticed a vault guard
 17930 | D:14     | Noticed a vault guard
 17930 | D:14     | Noticed a vault guard
 17931 | D:14     | Noticed a vault guard
 17931 | D:14     | Noticed a centaur warrior
 17948 | D:15     | Entered Level 15 of the Dungeon
 18051 | D:15     | Noticed a centaur warrior
 18067 | D:15     | Killed a centaur warrior
 18067 | D:15     | Reached skill level 10 in Long Blades
 18491 | D:15     | Reached skill level 13 in Armour
 18491 | D:15     | Reached XP level 13. HP: 119/119 MP: 22/22
 18558 | D:15     | Killed a two-headed hydra
 18566 | D:15     | Received a gift from Okawaru
 19230 | D:15     | Noticed a fire dragon
 19248 | D:15     | Killed from afar by a fire dragon

Action                   |  1- 3 |  4- 6 |  7- 9 | 10-12 | 13-15 || total
-------------------------+-------+-------+-------+-------+-------++-------
Melee: Long sword        |    87 |   124 |   130 |       |       ||   341
       Falchion          |       |       |   246 |   495 |       ||   741
       Great sword       |       |       |       |   425 |    99 ||   524
Evoke: Wand              |       |       |       |     5 |     2 ||     7
  Use: Scroll            |     2 |     2 |     2 |     5 |     1 ||    12
       Potion            |       |     3 |     3 |     6 |     1 ||    13
  Eat: Chunk             |     3 |     8 |     7 |    31 |     1 ||    50
       Pizza             |       |       |     1 |     1 |       ||     2
       Meat ration       |       |       |     1 |       |       ||     1
       Beef jerky        |       |       |       |     1 |       ||     1
